[Event "Titled Tuesday Blitz July 25 Early 2023"]
[White "Vovk, Orest"]
[Black "Matinian, Nikita"]
[WhiteFideId "14113490"]
[BlackFideId "24129100"]
[WhiteElo "2575"]
[BlackElo "2743"]
[Result "0-1"]
[Round "11"]
[TimeControl "180+2"]
[Date "2023.07.25"]
[WhiteClock "0:00:03"]
[BlackClock "0:00:05"]
[Board "42"]

1. g4 d5 2. h3 h5 3. g5 e5 4. Bg2 Qxg5 5. Bxd5 Nf6 6. Nf3 Qf5 7. e4 Nxe4 8. Qe2 Nf6 9. Nc3 Bd6 10. d4 Nxd5 11. Nxd5 e4 12. Ne5 Bxe5 13. dxe5 Qxe5 14. c4 Na6 15. Bf4 Qf5 16. Rg1 Be6 17. Rg5 Qxh3 18. O-O-O O-O-O 19. Qxe4 Rhe8 20. Qd4 Bxd5 21. cxd5 Qf3 22. Be3 b6 23. Rxg7 Nc5 24. Qf4 Qxf4 25. Bxf4 Rd7 26. Be3 Re4 27. Bxc5 Rc4+ 28. Kb1 Rxc5 29. Rg5 h4 30. Rh5 Kb7 31. b4 Rc4 32. a3 Rf4 33. Rd2 Ka6 34. Kc2 Kb7 35. b5 a6 36. bxa6+ Kxa6 37. Rh6 Kb7 38. Kc3 Rd6 39. Kc2 Rxh6 0-1


[Site "https://www.chess.com"]

[Event "Titled Tuesday Blitz July 25 Early 2023"]
[White "Timmermans, Mark"]
[Black "Garv Gaur"]
[WhiteFideId "1026399"]
[BlackFideId "45030839"]
[WhiteElo "2729"]
[BlackElo "2574"]
[Result "0-1"]
[Round "11"]
[TimeControl "180+2"]
[Date "2023.07.25"]
[WhiteClock "0:01:29"]
[BlackClock "0:00:35"]
[Board "43"]

1. b4 e5 2. Bb2 Bxb4 3. Bxe5 Nf6 4. Nc3 O-O 5. Bxf6 Qxf6 6. Nd5 Qd6 7. c4 c6 8. Nxb4 Qxb4 9. e3 d6 10. Nf3 Na6 11. Be2 Be6 12. Rb1 Qa5 13. Nd4 Qxa2 14. Nxe6 fxe6 15. Rxb7 Nc5 16. Rb1 Ne4 17. O-O Qxd2 18. Bf3 Qxd1 19. Rbxd1 d5 20. Bxe4 dxe4 21. Rd7 a5 22. h4 a4 23. Rb1 Rfd8 24. Rc7 a3 25. Rbb7 Rd1+ 26. Kh2 a2 27. Rxg7+ Kf8 28. Rxh7 a1=Q 0-1


[Site "https://www.chess.com"]

[Event "Titled Tuesday Blitz July 25 Early 2023"]
[White "Thecourseoisildur"]
[Black "Williams, Simon K"]
[BlackFideId "404454"]
[WhiteElo "2569"]
[BlackElo "2724"]
[Result "0-1"]
[Round "11"]
[TimeControl "180+2"]
[Date "2023.07.25"]
[WhiteClock "0:00:00"]
[BlackClock "0:00:17"]
[Board "44"]

1. d4 Nf6 2. c4 g6 3. Nc3 Bg7 4. e4 d6 5. Be2 O-O 6. h4 c5 7. d5 e6 8. h5 exd5 9. exd5 Re8 10. h6 Bh8 11. Bg5 Nbd7 12. Nf3 Qb6 13. Qc2 Ne5 14. Nxe5 Rxe5 15. Bf4 Bf5 16. Qb3 Ree8 17. Qxb6 axb6 18. Bxd6 Ne4 19. Nxe4 Bxe4 20. Kd2 Bxb2 21. Bc7 Ra3 22. d6 Bc3+ 23. Kc1 Bf5 24. Bd3 Bd2+ 25. Kxd2 Rxd3+ 26. Kc1 Re2 27. Bxb6 Rxd6 28. Bxc5 Rc6 29. Be3 Rxc4+ 30. Kd1 Rb2 31. Rc1 Rxc1+ 32. Bxc1 Rxf2 33. Bd2 Rxg2 34. Re1 Be6 35. Re5 Kf8 36. Rb5 Ke7 37. Rxb7+ Kd6 38. a4 Rg1+ 39. Kc2 Ra1 40. Ra7 Kc5 41. Kc3 Ra3+ 42. Kb2 Ra2+ 43. Kc1 Kc4 44. a5 Kd3 45. Bb4 Bf5 46. Rxf7 Kc4 47. Bd2 Rc2+ 48. Kd1 Kd3 0-1


[Site "https://www.chess.com"]

[Event "Titled Tuesday Blitz July 25 Early 2023"]
[White "Andreev, Konstantin"]
[Black "Amilal Munkhdalai"]
[WhiteFideId "24239305"]
[BlackFideId "4903250"]
[WhiteElo "2555"]
[BlackElo "2723"]
[Result "0-1"]
[Round "11"]
[TimeControl "180+2"]
[Date "2023.07.25"]
[WhiteClock "0:00:00"]
[BlackClock "0:00:18"]
[Board "45"]

1. e4 c5 2. Nf3 Nc6 3. Nc3 e6 4. d4 cxd4 5. Nxd4 Qc7 6. g4 Bb4 7. Nxc6 bxc6 8. Qd4 Bf8 9. h4 e5 10. Qd3 a5 11. Be3 Ba6 12. Qd2 Bxf1 13. Rxf1 Bb4 14. a3 Bxc3 15. Qxc3 Nf6 16. f3 d5 17. Bc5 d4 18. Qc4 Rb8 19. O-O-O Nd7 20. f4 Rb5 21. fxe5 Nxc5 22. a4 Nb3+ 23. cxb3 Rxe5 24. Qxd4 O-O 25. Rf5 Rxf5 26. exf5 Qg3 27. g5 Qxb3 28. f6 g6 29. h5 Qg3 30. Qc5 Rb8 31. hxg6 hxg6 32. Qxa5 Qf4+ 33. Kb1 Qe4+ 34. Ka1 Rb4 35. Qd8+ Kh7 36. Qd3 Rxa4+ 37. Kb1 Qh4 38. Qb3 Rc4 39. Qd3 Rc5 40. Qd4 Qxd4 41. Rxd4 Rxg5 42. Rd7 Rf5 43. Rxf7+ Kh6 44. Rf8 g5 45. Kc2 Kg6 46. Kd3 Rxf6 47. Rg8+ Kf5 0-1


[Site "https://www.chess.com"]

[Event "Titled Tuesday Blitz July 25 Early 2023"]
[White "Suyarov, Mukhammadzokhid"]
[Black "Santos Flores, Alberto"]
[WhiteFideId "14210495"]
[BlackFideId "3601234"]
[WhiteElo "2720"]
[BlackElo "2537"]
[Result "1-0"]
[Round "11"]
[TimeControl "180+2"]
[Date "2023.07.25"]
[WhiteClock "0:02:06"]
[BlackClock "0:00:59"]
[Board "46"]

1. d4 d5 2. Nc3 Nf6 3. Bf4 a6 4. e3 Bf5 5. Nf3 Nbd7 6. Ne5 c6 7. g4 Be6 8. g5 Nxe5 9. gxf6 Ng6 10. fxg7 Bxg7 11. Bg3 Qd7 12. Na4 Bg4 13. Be2 Bxe2 14. Qxe2 b5 15. Nb6 Qb7 16. Nxa8 Qxa8 17. O-O-O e5 18. dxe5 Nxe5 19. e4 O-O 20. Qh5 Nc4 21. e5 f6 22. Rhg1 Kh8 23. b3 Nxe5 24. Bxe5 fxe5 25. Rxg7 Kxg7 26. Qxe5+ Kf7 27. Qf5+ Ke7 28. Re1+ Kd6 29. Qe5+ Kd7 30. Qe7+ 1-0


[Site "https://www.chess.com"]

[Event "Titled Tuesday Blitz July 25 Early 2023"]
[White "Shapiro, Viktor"]
[Black "Mayank Chakraborty"]
[WhiteFideId "4175700"]
[BlackFideId "25659766"]
[WhiteElo "2535"]
[BlackElo "2716"]
[Result "0-1"]
[Round "11"]
[TimeControl "180+2"]
[Date "2023.07.25"]
[WhiteClock "0:00:00"]
[BlackClock "0:01:55"]
[Board "47"]

1. c4 e5 2. Nc3 Nc6 3. g3 Nf6 4. Bg2 Bc5 5. e3 O-O 6. Nge2 d5 7. cxd5 Nb4 8. d4 exd4 9. exd4 Bb6 10. Bg5 Bf5 11. O-O h6 12. Bxf6 Qxf6 13. a3 Nc2 14. Rc1 Nxd4 15. Nxd4 Bxd4 16. Nb5 Bxb2 17. Nxc7 Rac8 18. Rc4 Be5 19. d6 Qxd6 20. Qxd6 Bxd6 21. Rfc1 Bxa3 22. R1c3 Bb2 23. Rb3 b5 24. Rxb5 Bd3 25. Rxb2 Bxc4 26. Nd5 Bxd5 27. Bxd5 Rc5 28. Rd2 a5 29. Kg2 g6 30. Bf3 Rfc8 31. Rd6 R8c7 32. Ra6 Kg7 33. h4 h5 34. Ra8 Re5 0-1


[Site "https://www.chess.com"]

[Event "Titled Tuesday Blitz July 25 Early 2023"]
[White "NikaVolkov"]
[Black "Salman, Pavel"]
[BlackFideId "24153753"]
[WhiteElo "2713"]
[BlackElo "2523"]
[Result "1-0"]
[Round "11"]
[TimeControl "180+2"]
[Date "2023.07.25"]
[WhiteClock "0:01:50"]
[BlackClock "0:00:15"]
[Board "48"]

1. d4 Nf6 2. Nf3 c5 3. e3 g6 4. c4 cxd4 5. exd4 d5 6. Nc3 Bg7 7. Be3 O-O 8. Be2 Nc6 9. O-O dxc4 10. Bxc4 Bg4 11. h3 Bxf3 12. Qxf3 Nxd4 13. Qxb7 Nc2 14. Rad1 Qc8 15. Qxc8 Raxc8 16. Bb3 Nxe3 17. fxe3 e6 18. Rd6 Rfd8 19. Rfd1 Rxd6 20. Rxd6 h5 21. Ra6 Rc7 22. Kf2 Rd7 23. Ke2 h4 24. Nb5 Ne4 25. Nd4 Nc5 26. Ra5 Bxd4 27. exd4 Nxb3 28. axb3 Rxd4 29. Rxa7 Rb4 30. Ra3 e5 31. Kd3 f5 32. Kc3 Rb7 33. Ra4 e4 34. Rc4 Kf7 35. b4 Kf6 36. Kd4 Kg5 37. Ke3 Rb6 38. b3 Kf6 39. Kf4 g5+ 40. Ke3 Ke6 41. Kd4 Kd6 42. Ke3 Rb5 43. Rd4+ Ke5 44. Rc4 f4+ 45. Ke2 Kd5 46. Kf2 Rb8 47. Ke2 Ra8 48. Rc5+ Kd4 49. Rc4+ Ke5 50. Rc5+ Kf6 51. Rc2 Rb8 52. Rc6+ Kf5 53. Rc5+ Kf6 54. Rc6+ Ke5 55. Rc5+ Kd4 56. Rc4+ Kd5 57. Rc5+ Kd6 58. Rc4 Rb5 59. Rxe4 Kd5 60. Kf3 Rb8 61. Rc4 Re8 62. Rc5+ Kd4 63. Rxg5 Re3+ 64. Kxf4 Rxb3 65. Kg4 Rxb4 66. Kxh4 Ke3+ 67. Kh5 Kf2 68. g4 Kg3 69. h4 Rb6 70. Ra5 Kf4 71. g5 Rb1 72. Kh6 Rb8 73. h5 Rh8+ 74. Kg6 Rg8+ 75. Kf6 Rh8 76. h6 Kg4 77. Kg7 Ra8 78. Rxa8 1-0


[Site "https://www.chess.com"]

[Event "Titled Tuesday Blitz July 25 Early 2023"]
[White "Marek, Matyas"]
[Black "Ginzburg, Yakov"]
[WhiteFideId "335398"]
[BlackFideId "4157176"]
[WhiteElo "2707"]
[BlackElo "2519"]
[Result "0-1"]
[Round "11"]
[TimeControl "180+2"]
[Date "2023.07.25"]
[WhiteClock "0:00:12"]
[BlackClock "0:00:08"]
[Board "49"]

1. Nf3 Nf6 2. g3 g6 3. Bg2 Bg7 4. O-O O-O 5. d3 d5 6. Nbd2 Bg4 7. h3 Bxf3 8. Bxf3 Nbd7 9. e4 e6 10. Bg2 c6 11. Qe2 Re8 12. Nf3 dxe4 13. dxe4 Nc5 14. e5 Nd5 15. a3 a5 16. c4 Nb6 17. Rd1 Qc7 18. Bf4 Nb3 19. Rab1 Rad8 20. h4 a4 21. h5 Rxd1+ 22. Rxd1 Rd8 23. h6 Bf8 24. Bf1 Be7 25. Bg5 Nc8 26. Bxe7 Qxe7 27. Rxd8+ Qxd8 28. Qe3 c5 29. Ng5 Nd4 30. Ne4 Ne7 31. Nxc5 Nef5 32. Qe4 Qg5 33. Nd3 Qxh6 34. Qxb7 Qg5 35. Qe4 h5 36. Qf4 Qd8 37. c5 Qd5 38. Ne1 Qxc5 39. Bd3 Qd5 40. Kf1 Qh1# 0-1


[Site "https://www.chess.com"]

[Event "Titled Tuesday Blitz July 25 Early 2023"]
[White "Lopez, Henry"]
[Black "Koellner, Ruben Gideon"]
[WhiteFideId "5203830"]
[BlackFideId "12993093"]
[WhiteElo "2518"]
[BlackElo "2707"]
[Result "0-1"]
[Round "11"]
[TimeControl "180+2"]
[Date "2023.07.25"]
[WhiteClock "0:00:44"]
[BlackClock "0:01:28"]
[Board "50"]

1. d4 d6 2. Nf3 Nf6 3. c4 g6 4. Nc3 Bf5 5. Qb3 b6 6. g3 c5 7. Bg2 Nc6 8. dxc5 bxc5 9. O-O Rc8 10. Qd1 Bg7 11. Re1 O-O 12. e4 Be6 13. Nd5 Rb8 14. Rb1 Nb4 15. a3 Nbxd5 16. cxd5 Bg4 17. h3 Bxf3 18. Bxf3 Nd7 19. Qc2 Qa5 20. Bd2 Qb5 21. b3 Qa6 22. a4 Rb7 23. Be2 Qb6 24. Kg2 Rfb8 25. f4 Qc7 26. Ba6 Rb6 27. Ba5 Bd4 28. Bxb6 Qxb6 29. Bc4 a5 30. Qe2 Qb4 31. Bb5 Nf6 32. Qf3 Qc3 33. Re2 Qxf3+ 34. Kxf3 Kf8 35. Rd1 Rc8 36. g4 h6 37. h4 g5 38. Bc4 gxf4 39. Kxf4 Be5+ 40. Kf3 Kg7 41. g5 hxg5 42. hxg5 Nh7 43. Rg2 Nf8 44. Rh1 Ng6 45. Rg4 Rb8 46. Ke2 Bd4 47. Bb5 Be5 48. Kf3 Rb7 49. Ke2 Rb8 50. Kd3 Rh8 51. Rxh8 Nxh8 52. Kc4 Ng6 53. Ba6 Bd4 54. Kb5 Bc3 55. Kc6 Ne5+ 0-1


[Site "https://www.chess.com"]

[Event "Titled Tuesday Blitz July 25 Early 2023"]
[White "Karamsetty, Jeevan"]
[Black "Koshulyan, Egor A."]
[WhiteFideId "2025337"]
[BlackFideId "24237000"]
[WhiteElo "2516"]
[BlackElo "2703"]
[Result "1-0"]
[Round "11"]
[TimeControl "180+2"]
[Date "2023.07.25"]
[WhiteClock "0:01:53"]
[BlackClock "0:01:42"]
[Board "51"]

1. e4 c5 2. Nc3 Nc6 3. Bb5 g5 4. Bxc6 dxc6 5. d3 g4 6. Bf4 Bg7 7. Qd2 Be6 8. h3 h5 9. hxg4 hxg4 10. Rxh8 Bxh8 11. Nge2 b5 12. Qe3 Bd4 13. Qg3 b4 14. Nxd4 cxd4 15. Na4 Nf6 16. Nc5 Bc8 17. Bc7 Nh5 18. Qe5 1-0


[Site "https://www.chess.com"]

[Event "Titled Tuesday Blitz July 25 Early 2023"]
[White "Djokic, Mihailo"]
[Black "Padmini, Rout"]
[WhiteFideId "976440"]
[BlackFideId "5029295"]
[WhiteElo "2695"]
[BlackElo "2487"]
[Result "1-0"]
[Round "11"]
[TimeControl "180+2"]
[Date "2023.07.25"]
[WhiteClock "0:02:36"]
[BlackClock "0:00:00"]
[Board "52"]

1. e4 c5 2. Nf3 Nc6 3. d4 cxd4 4. Nxd4 Nf6 5. Nc3 e5 6. Ndb5 d6 7. Bg5 a6 8. Bxf6 gxf6 9. Na3 b5 10. Nd5 f5 11. c3 Bg7 12. exf5 Bxf5 13. Nc2 O-O 14. Nce3 Be6 15. Bd3 f5 16. Qh5 e4 17. Bc2 Ne7 18. Rd1 Ra7 19. Bb3 Ng6 20. f4 exf3 21. Qxf3 f4 22. Nc2 Ne5 23. Qf2 Ng4 24. Qxa7 Qh4+ 25. Kd2 f3 26. gxf3 Bh6+ 27. f4 Kh8 28. Kc1 Nf2 29. Kb1 Nxd1 30. Rxd1 Bf5 31. Ka1 Bg4 32. Rg1 Bf5 33. Qd4+ 1-0


[Site "https://www.chess.com"]

[Event "Titled Tuesday Blitz July 25 Early 2023"]
[White "whiteglovethief"]
[Black "Gubajdullin, Alexei"]
[BlackFideId "4141202"]
[WhiteElo "2493"]
[BlackElo "2690"]
[Result "0-1"]
[Round "11"]
[TimeControl "180+2"]
[Date "2023.07.25"]
[WhiteClock "0:00:00"]
[BlackClock "0:00:14"]
[Board "53"]

1. d4 d5 2. c4 c6 3. Nf3 Nf6 4. e3 a6 5. Nc3 b5 6. b3 Bg4 7. Be2 Nbd7 8. O-O e6 9. a4 b4 10. Na2 a5 11. c5 Qc7 12. Bb2 Be7 13. Nc1 O-O 14. Nd3 Ne4 15. Nfe5 Bxe2 16. Qxe2 Nxe5 17. Nxe5 f6 18. Nd3 Qd7 19. f3 Ng5 20. Rad1 Bd8 21. Kh1 Bc7 22. e4 Qf7 23. e5 Qh5 24. g4 Qh3 25. Qg2 Qxg2+ 26. Kxg2 fxe5 27. dxe5 g6 28. h4 Nf7 29. f4 Nh6 30. Kh3 Kf7 31. Bd4 Ke7 32. Kg3 Kd7 33. Rh1 Rg8 34. Be3 Nf7 35. g5 h5 36. Ne1 Nd8 37. Nc2 Nb7 38. Rc1 Raf8 39. Nd4 Bb8 40. Nb5 Rf7 41. Nd6 Bxd6 42. cxd6 Rc8 43. Bc5 Rcf8 44. Rhf1 Rf5 45. Be3 Ra8 46. Rc2 Ra6 47. Rfc1 Nd8 48. Rc5 Nf7 49. Rb5 cxb5 50. Rc7+ Ke8 51. axb5 Ra8 52. b6 Nd8 53. Bc5 Rf7 54. f5 exf5 55. b7 Rb8 56. e6 Nxe6 57. Rc8+ Kd7 58. Rxb8 Nxc5 59. Rd8+ Kxd8 60. b8=Q+ Kd7 61. Qc7+ Ke6 62. Qxc5 Rd7 63. Kf4 Rxd6 64. Qc8+ Rd7 65. Qg8+ Ke7 66. Qxg6 d4 67. Qf6+ Ke8 68. Qe6+ Kd8 69. Qb6+ Ke8 70. Kxf5 d3 71. Qc6 d2 72. Ke6 d1=Q 73. Qc8+ Rd8 74. Qc6+ Qd7+ 75. Qxd7+ Rxd7 76. g6 a4 0-1


[Site "https://www.chess.com"]

[Event "Titled Tuesday Blitz July 25 Early 2023"]
[White "brm72"]
[Black "Liu, Casper"]
[BlackFideId "1454153"]
[WhiteElo "2677"]
[BlackElo "2487"]
[Result "0-1"]
[Round "11"]
[TimeControl "180+2"]
[Date "2023.07.25"]
[WhiteClock "0:02:04"]
[BlackClock "0:02:15"]
[Board "54"]

1. e4 c5 2. Nf3 d6 3. d4 cxd4 4. Nxd4 Nf6 5. Nc3 Nc6 6. Bg5 Bd7 7. f3 Rc8 8. Qd2 Nxd4 9. Qxd4 Qa5 10. Be3 a6 11. g4 e5 12. Qd2 d5 13. Nxd5 Nxd5 14. exd5 Bb4 15. c3 Rxc3 16. a3 Rxe3+ 0-1


[Site "https://www.chess.com"]

[Event "Titled Tuesday Blitz July 25 Early 2023"]
[White "Devaev, Alexander"]
[Black "Weetik, Vjacheslav"]
[WhiteFideId "4169395"]
[BlackFideId "4153472"]
[WhiteElo "2485"]
[BlackElo "2675"]
[Result "1-0"]
[Round "11"]
[TimeControl "180+2"]
[Date "2023.07.25"]
[WhiteClock "0:02:19"]
[BlackClock "0:01:03"]
[Board "55"]

1. d4 Nf6 2. c4 g6 3. Nc3 Bg7 4. e4 d6 5. Nf3 O-O 6. h3 c5 7. d5 e6 8. Bd3 exd5 9. cxd5 b5 10. Nxb5 Nxe4 11. Bxe4 Re8 12. Ng5 h6 13. Ne6 fxe6 14. O-O e5 15. Bxg6 Rf8 16. Qh5 Nd7 17. Bxh6 Nf6 18. Qg5 Nxd5 19. Bh7+ Kf7 20. Qxg7+ Ke6 21. Qxf8 1-0


[Site "https://www.chess.com"]

[Event "Titled Tuesday Blitz July 25 Early 2023"]
[White "Mohammad Fahad, Rahman"]
[Black "Ljukin, Sergei"]
[WhiteFideId "10207791"]
[BlackFideId "14102200"]
[WhiteElo "2673"]
[BlackElo "2473"]
[Result "0-1"]
[Round "11"]
[TimeControl "180+2"]
[Date "2023.07.25"]
[WhiteClock "0:00:07"]
[BlackClock "0:00:48"]
[Board "56"]

1. d4 d5 2. c4 c6 3. Nc3 Nf6 4. Nf3 dxc4 5. a4 Bf5 6. Ne5 Na6 7. f3 Nd7 8. Nxc4 e5 9. e4 exd4 10. Qxd4 Nb4 11. Nd6+ Bxd6 12. Qxd6 Nc2+ 13. Kf2 Nxa1 14. exf5 Qe7 15. Qd1 Qb4 16. Ne4 O-O-O 17. Bf4 Nf6 18. Nd6+ Rxd6 19. Bxd6 Qxb2+ 20. Be2 Nc2 21. Be7 Re8 0-1


[Site "https://www.chess.com"]

[Event "Titled Tuesday Blitz July 25 Early 2023"]
[White "Valgmae, Toomas"]
[Black "Seemann, Jakub"]
[WhiteFideId "4502523"]
[BlackFideId "21874697"]
[WhiteElo "2462"]
[BlackElo "2664"]
[Result "0-1"]
[Round "11"]
[TimeControl "180+2"]
[Date "2023.07.25"]
[WhiteClock "0:00:25"]
[BlackClock "0:01:13"]
[Board "57"]

1. d4 Nf6 2. c4 e6 3. Nc3 d5 4. Bg5 dxc4 5. e4 c5 6. Nf3 Nc6 7. d5 exd5 8. exd5 Na5 9. Bxc4 Nxc4 10. Qa4+ Bd7 11. Qxc4 Bd6 12. O-O-O h6 13. Ne4 hxg5 14. Nxd6+ Kf8 15. Nxg5 Qa5 16. Ngxf7 Rh5 17. Kb1 Qb4 18. Qxb4 cxb4 19. h3 Rxd5 20. Ne5 Rxe5 21. Nxb7 Bc6 22. Nd6 Bxg2 23. Rhg1 Bxh3 24. f4 Re2 25. Rh1 Be6 26. f5 Bg8 27. Rh4 a5 28. Rhd4 Rd8 29. b3 Ne8 30. Nb7 Rxd4 31. Rxd4 Bh7 32. Nxa5 Bxf5+ 33. Kc1 Nf6 34. Nc6 Rc2+ 35. Kd1 Rxc6 36. Rxb4 g5 37. a4 g4 38. Rf4 Bc2+ 39. Kd2 Bxb3 40. a5 g3 41. Rf3 g2 42. Rg3 Bd5 43. Ke3 Ra6 44. Kd4 Rxa5 45. Ke5 Ra6 0-1


[Site "https://www.chess.com"]

[Event "Titled Tuesday Blitz July 25 Early 2023"]
[White "Martic, Ivan"]
[Black "Omariev, Maksim"]
[WhiteFideId "929301"]
[BlackFideId "4193423"]
[WhiteElo "2647"]
[BlackElo "2439"]
[Result "1-0"]
[Round "11"]
[TimeControl "180+2"]
[Date "2023.07.25"]
[WhiteClock "0:01:22"]
[BlackClock "0:00:00"]
[Board "58"]

1. e4 c5 2. Nf3 d6 3. c3 Nf6 4. h3 Nbd7 5. Bd3 b6 6. O-O Bb7 7. Re1 e5 8. a4 a6 9. b3 g6 10. Bc2 Bg7 11. d4 O-O 12. d5 Nh5 13. Nbd2 Bh6 14. Nc4 Bxc1 15. Qxc1 Qe7 16. Qh6 f6 17. b4 Rfb8 18. b5 axb5 19. axb5 Rxa1 20. Rxa1 Ra8 21. Rxa8+ Bxa8 22. Nh2 Bb7 23. Bd1 Ng7 24. Nf1 Ne8 25. Bg4 Nc7 26. Nfe3 Nxb5 27. Be6+ 1-0


[Site "https://www.chess.com"]

[Event "Titled Tuesday Blitz July 25 Early 2023"]
[White "Harriott, Tyrell"]
[Black "Iskusnyh, Sergei"]
[WhiteFideId "2086484"]
[BlackFideId "4120027"]
[WhiteElo "2420"]
[BlackElo "2633"]
[Result "1/2-1/2"]
[Round "11"]
[TimeControl "180+2"]
[Date "2023.07.25"]
[WhiteClock "0:00:10"]
[BlackClock "0:00:04"]
[Board "59"]

1. d4 d5 2. e3 Nf6 3. Bd3 c5 4. c3 Nbd7 5. f4 g6 6. Nd2 Bg7 7. Ngf3 O-O 8. f5 Qc7 9. O-O b6 10. Qe1 gxf5 11. Bxf5 Ba6 12. Rf2 e6 13. Bh3 Ne8 14. e4 cxd4 15. cxd4 dxe4 16. Nxe4 Ndf6 17. Nc3 Rd8 18. Bg5 Bb7 19. Rd1 b5 20. a3 Qb6 21. Kh1 Bxf3 22. Rxf3 Rxd4 23. Rc1 Nd5 24. Nxd5 Rxd5 25. Be7 Qb7 26. Bxf8 Bxf8 27. Rg3+ Bg7 28. Qf2 Qd7 29. Rf1 Nd6 30. Qf6 Ne8 31. Qf2 f5 32. Rg5 Nd6 33. Qg3 Ne4 34. Qb8+ Qd8 35. Qxd8+ Rxd8 36. Rh5 Bxb2 37. g4 f4 38. Rxb5 Bc3 39. Bg2 Nd2 40. Rd1 e5 41. Rc5 Bd4 42. Rc2 Rb8 43. Rcxd2 Kg7 44. Be4 Kf6 45. Rd3 Kg5 46. h3 Kh4 47. Bxh7 Rb2 48. Be4 Be3 49. Re1 Kg3 50. Rdxe3+ fxe3 51. Rxe3+ Kf4 52. Re1 Kg3 53. Re3+ Kf4 54. Re1 Kg3 55. Bc6 Kf2 56. Rc1 Kg3 57. Rg1+ Kxh3 58. Rd1 Rh2+ 59. Kg1 Rc2 60. Bd7 e4 61. Bf5 Kg3 62. Re1 Rg2+ 63. Kh1 Rh2+ 64. Kg1 Rg2+ 65. Kf1 Rf2+ 66. Kg1 Rg2+ 1/2-1/2


[Site "https://www.chess.com"]

[Event "Titled Tuesday Blitz July 25 Early 2023"]
[White "Goryachkina, Aleksandra"]
[Black "Dwilewicz, Katarzyna"]
[WhiteFideId "4147103"]
[BlackFideId "1148486"]
[WhiteElo "2626"]
[BlackElo "2387"]
[Result "1-0"]
[Round "11"]
[TimeControl "180+2"]
[Date "2023.07.25"]
[WhiteClock "0:00:16"]
[BlackClock "0:00:00"]
[Board "60"]

1. e4 e5 2. Nf3 Nc6 3. Bc4 Bc5 4. d3 Nf6 5. c3 d6 6. Nbd2 a5 7. h3 h6 8. Bb3 Ne7 9. d4 exd4 10. cxd4 Bb6 11. O-O O-O 12. Re1 Ng6 13. Nf1 c6 14. Ng3 Re8 15. Bc2 Bc7 16. Be3 b5 17. Qd2 a4 18. Qc1 Bd7 19. Bxh6 gxh6 20. Qxh6 Qe7 21. e5 dxe5 22. dxe5 Nd5 23. Nh5 Qf8 24. Qg5 Bd8 25. Nf6+ Bxf6 26. exf6 Nf4 27. h4 Qd6 28. h5 Rxe1+ 29. Rxe1 1-0


[Site "https://www.chess.com"]

[Event "Titled Tuesday Blitz July 25 Early 2023"]
[White "Mishra, Manoj"]
[Black "Pinero Rodriguez, Carlos Jose"]
[WhiteFideId "5006007"]
[BlackFideId "3901726"]
[WhiteElo "2244"]
[BlackElo "2615"]
[Result "0-1"]
[Round "11"]
[TimeControl "180+2"]
[Date "2023.07.25"]
[WhiteClock "0:00:00"]
[BlackClock "0:00:24"]
[Board "61"]

1. d4 Nf6 2. Bg5 Ne4 3. h4 c5 4. d5 Qb6 5. Nd2 Nxg5 6. hxg5 Qxb2 7. g6 fxg6 8. e3 d6 9. Bd3 Nd7 10. Bxg6+ Kd8 11. Rxh7 Rxh7 12. Bxh7 Nf6 13. Bd3 Nxd5 14. Rb1 Qe5 15. Ngf3 Qh5 16. Ne4 b6 17. Ke2 Bb7 18. c4 Nf6 19. Ng3 Qf7 20. Ng5 Qg8 21. Qh1 Kc7 22. Qh3 Bc8 23. Qh4 e6 24. Bg6 Be7 25. Bf7 Qf8 26. Bxe6 Ba6 27. Bd5 Nxd5 28. Ne6+ Kb8 29. Nxf8 Bxh4 30. Rc1 Bxg3 31. fxg3 Kb7 32. Ne6 Re8 33. Nxg7 Re5 34. g4 Nxe3 35. Kf3 Bxc4 36. Nf5 Bd5+ 37. Kf4 Nxg2+ 38. Kg5 Kc6 39. Kf6 Ne3 40. Ne7+ Kd7 0-1


[Site "https://www.chess.com"]

[Event "Titled Tuesday Blitz July 25 Early 2023"]
[White "Kazakouski, Valery"]
[Black "Vujacic, Igor"]
[WhiteFideId "13507443"]
[BlackFideId "932620"]
[WhiteElo "2825"]
[BlackElo "2385"]
[Result "1-0"]
[Round "11"]
[TimeControl "180+2"]
[Date "2023.07.25"]
[WhiteClock "0:00:18"]
[BlackClock "0:00:00"]
[Board "62"]

1. Nf3 d5 2. c4 e6 3. g3 Nf6 4. b3 Be7 5. Bg2 O-O 6. O-O b6 7. Bb2 Bb7 8. Nc3 c5 9. e3 Ne4 10. cxd5 Nxc3 11. dxc3 Bxd5 12. Qc2 Nd7 13. Rad1 Qc7 14. c4 Bc6 15. h4 h6 16. Rd2 Rad8 17. Rfd1 Bf6 18. Nh2 Bxg2 19. Kxg2 Bxb2 20. Qxb2 Nf6 21. Nf3 Ne4 22. Rxd8 Rxd8 23. Qe5 Nd6 24. h5 Qe7 25. Nh4 Ne8 26. Rxd8 Qxd8 27. Nf3 Nf6 28. Nh2 Qa8+ 29. Kg1 Qd8 30. Nf1 Kh7 31. Kg2 Qd1 32. Qc7 Qd7 33. Qxd7 Nxd7 34. g4 Kg8 35. f4 Kf8 36. Kf3 Ke7 37. Ng3 Nf6 38. g5 Ng8 39. Ne4 f6 40. gxf6+ gxf6 41. f5 exf5 42. Nc3 Ke6 43. Nb5 a6 44. Nc7+ Kd7 45. Nd5 Kc6 46. Kf4 b5 47. Kxf5 bxc4 48. bxc4 1-0


[Site "https://www.chess.com"]

[Event "Titled Tuesday Blitz July 25 Early 2023"]
[White "Yeritsyan, Hayk"]
[Black "Putnam, Liam"]
[WhiteFideId "13307320"]
[BlackFideId "30938279"]
[WhiteElo "2493"]
[BlackElo "2776"]
[Result "0-1"]
[Round "11"]
[TimeControl "180+2"]
[Date "2023.07.25"]
[WhiteClock "0:00:52"]
[BlackClock "0:00:54"]
[Board "63"]

1. Nf3 Nf6 2. g3 b6 3. Bg2 Bb7 4. O-O g6 5. b3 Bg7 6. Bb2 O-O 7. d3 d6 8. Nbd2 Nbd7 9. e4 e5 10. a4 a5 11. Nc4 Nc5 12. h3 h6 13. Re1 Re8 14. Qd2 Qd7 15. Rad1 Rad8 16. Kh2 Kh7 17. Nh4 Nh5 18. Ne3 Ne6 19. Ng4 Ng5 20. f4 exf4 21. gxf4 Bxb2 22. fxg5 hxg5 23. Qxg5 Be5+ 24. Kg1 Bf4 25. Qxf4 Nxf4 26. Nf6+ Kg7 27. Nxd7 Rxd7 28. Rf1 Nxg2 29. Nxg2 d5 30. exd5 Rxd5 31. Nf4 Rg5+ 32. Kh2 Re2+ 33. Nxe2 Rg2+ 34. Kh1 Rxe2+ 35. Kg1 Rg2+ 36. Kh1 Rxc2+ 37. Kg1 Rg2+ 38. Kh1 f5 39. d4 Bd5 40. Rfe1 Rb2+ 41. Kg1 Rxb3 42. Re7+ Kf6 43. Rxc7 Rxh3 44. Re1 Be4 45. Rxe4 fxe4 46. Rc6+ Kf5 47. Rxb6 Rd3 48. Rb5+ Kf4 49. Rxa5 Kf3 50. Rg5 Rd1+ 51. Kh2 e3 52. Rxg6 e2 53. Rf6+ Ke3 54. Re6+ Kd2 55. Kg3 e1=Q+ 56. Rxe1 Kxe1 0-1


[Site "https://www.chess.com"]

[Event "Titled Tuesday Blitz July 25 Early 2023"]
[White "Csonka, Balazs"]
[Black "Shubenkova, Veronika"]
[WhiteFideId "742910"]
[BlackFideId "44124040"]
[WhiteElo "2742"]
[BlackElo "2503"]
[Result "1-0"]
[Round "11"]
[TimeControl "180+2"]
[Date "2023.07.25"]
[WhiteClock "0:00:14"]
[BlackClock "0:01:15"]
[Board "64"]

1. Nf3 d5 2. g3 Nf6 3. Bg2 g6 4. c4 c6 5. b3 Bg7 6. Bb2 O-O 7. O-O Nbd7 8. d3 Re8 9. Nc3 e5 10. cxd5 cxd5 11. Nd2 d4 12. Nb5 Nb6 13. Rc1 Nfd5 14. Ne4 Bf8 15. a4 a6 16. Na3 Bf5 17. a5 Nd7 18. Nc4 Bxe4 19. Bxe4 N7f6 20. Bg2 Rc8 21. e3 dxe3 22. fxe3 Bh6 23. Qf3 Re7 24. Rce1 Qe8 25. Nd6 Qd7 26. Nxc8 Qxc8 27. e4 Nf4 28. gxf4 Bxf4 29. Bc1 g5 30. Bxf4 exf4 31. Kh1 Qc5 32. e5 Rxe5 33. Rxe5 Qxe5 34. Qxb7 Ng4 35. Qe4 Qd6 36. Qf5 h5 37. Qxg5+ Kf8 38. Qxf4 Qxf4 39. Rxf4 1-0


[Site "https://www.chess.com"]